 Dungeon Crawl Stone Soup version 0.19.0-17-g07987d3 (webtiles) character file.

208 McCoppin the Covert (level 5, -2/24 HPs)
             Began as a Felid Abyssal Knight on Nov 10, 2016.
             Was a Believer of Lugonu.
             Killed by a spatial distortion (3 damage)
             ... on level 5 of the Dungeon.
             The game lasted 00:12:43 (4288 turns).

McCoppin the Covert (Felid Abyssal Knight)          Turns: 4288, Time: 00:12:44

Health: -2/24      AC:  1    Str:  8    XL:     5   Next: 55%
Magic:  7/7        EV: 24    Int: 18    God:    Lugonu [**....]
Gold:   245        SH:  0    Dex: 22    Spells: 0 memorised, 4 levels left
                                        Lives:  0   Deaths: 1

rFire  . . .     SeeInvis +       - Unarmed
rCold  + . .     Gourm    .     (armour unavailable)
rNeg   . . .     Faith    +     (shield unavailable)
rPois  .         Spirit   .     (helmet unavailable)
rElec  .         Reflect  .     (cloak unavailable)
rCorr  .         Harm     .     (gloves unavailable)
MR     .....                    (boots unavailable)
Stlth  ++++++....               w - amulet of faith
                                x - ring of protection from cold
                                g - ring of flight

@: brilliant, agile, very slightly contaminated, hasted, very quick
A: no armour, no weapons or thrown items, stealth, claws 1, fangs 3, see
invisible, carnivore 3, speed 1, shaggy fur 1, slow metabolism 1, sharp paws
a: Depart the Abyss, Bend Space, Renounce Religion, Evoke Flight


You were on level 5 of the Dungeon.
You worshipped Lugonu.
Lugonu was pleased with you.
You were not hungry.

You visited 1 branch of the dungeon, and saw 5 of its levels.
You visited the Abyss 1 time.

You collected 245 gold pieces.

Inventory:

Jewellery
 e - an uncursed ring of loudness
 g - a ring of flight (left paw)
 w - an amulet of faith (around neck)
 x - a ring of protection from cold (right paw)
Wands
 s - a wand of iceblast (8/15)
 t - a wand of disintegration (14/24)
Scrolls
 c - 2 scrolls of random uselessness
 l - a scroll of enchant weapon {unknown}
 n - 3 scrolls of identify
 o - 2 scrolls of immolation {unknown}
 p - a scroll of magic mapping
 r - a scroll of recharging {unknown}
 v - a scroll of remove curse
Potions
 f - a potion of agility
 h - a potion of cancellation {unknown}
 i - a potion of berserk rage
 j - a potion of flight
 q - a potion of heal wounds {unknown}
 u - a potion of degeneration {unknown}
Comestibles
 a - 3 meat rations
 k - a beef jerky


   Skills:
 - Level 3.0 Fighting
 - Level 3.2 Dodging
 + Level 8.5 Stealth
 - Level 2.0 Unarmed Combat
 - Level 1.7 Invocations


You had 4 spell levels left.
You didn't know any spells.

Dungeon Overview and Level Annotations

Branches:
Dungeon (5/15)
 Temple: D:4-7

Altars:
Ashenzari
Cheibriados
Elyvilon
Nemelex Xobeh
Trog
Vehumet
Xom

Shops:
D:5 }

Annotations:
D:4 Dowan
D:5 Edmund


Innate Abilities, Weirdness & Mutations

You cannot wear armour.
You are incapable of wielding weapons or throwing items.
Your paws allow you to move quietly. (Stealth)
You have sharp claws.
You have razor-sharp teeth.
You have supernaturally acute eyesight. (SInv)
You are carnivorous and can eat meat at any time.
You cover ground quickly.
You are covered in fur. (AC +1)
You have a slow metabolism.
Your sharp claws are effective at attacking unaware monsters.


Message History

You scratch the howler monkey.
You kill the howler monkey!
Lugonu accepts your kill.
You scratch Edmund but do no damage. You bite Edmund, but do no damage.
You scratch Edmund but do no damage. You bite Edmund, but do no damage.
Edmund closely misses you.
You scratch Edmund but do no damage. You barely miss Edmund.
You bite Edmund, but do no damage.
Edmund hits you with a flail of distortion!
* * * LOW HITPOINT WARNING * * *
You blink.
It was a potion of brilliance.
You feel clever all of a sudden.
Okay, then.
You don't know any spells.
Unknown command.
You aren't in the Abyss!
Okay, then.
Space bends around you!
You blink.
You die...

+######+####+####
...............§###+###
...........†@.........#
........∩.§...........#
......................#
......................#
....##'########@.....#
$.. #......(..#.?....#
#.........#......#
+..†#######......#
....#...# #......#
.....##'### +........
..........# #..<.....
..........######........
.......................


You could see Edmund.

Vanquished Creatures
  2 howler monkeys
  2 worker ants
  6 adders
  An ooze (D:1)
  2 worms (D:3)
  4 leopard geckos
  6 orcs
  2 ball pythons (D:3)
  6 giant cockroaches
  5 goblins
  4 hobgoblins
  2 jackals (D:3)
  2 quokkas
  7 bats
  2 frilled lizards (D:1)
  17 kobolds
  A quokka skeleton (D:4)
  6 rats
  A fungus (D:4)
78 creatures vanquished.

Notes
Turn   | Place    | Note
-------+----------+-------------------------------------------
     0 | Abyss:1  | McCoppin the Felid Abyssal Knight began the quest for the Orb.
     0 | Abyss:1  | Reached XP level 1. HP: 10/10 MP: 3/3
    33 | Abyss:1  | Noticed an apocalypse crab
    48 | D:1      | Escaped the Abyss
    94 | D:1      | Reached skill level 1 in Stealth
   358 | D:1      | Reached skill level 2 in Stealth
   384 | D:1      | Reached XP level 2. HP: 4/14 MP: 4/4
   794 | D:1      | Reached * piety under Lugonu
  1258 | D:1      | Reached skill level 3 in Stealth
  1867 | D:2      | Reached skill level 4 in Stealth
  1867 | D:2      | Reached XP level 3. HP: 15/17 MP: 5/5
  2059 | D:2      | Found a shimmering altar of Xom.
  2061 | D:2      | Found a basalt altar of Yredelemnul.
  2061 | D:2      | Found a bloodstained altar of Trog.
  2063 | D:2      | Found a radiant altar of Vehumet.
  2063 | D:2      | Found a sparkling altar of Nemelex Xobeh.
  2063 | D:2      | Found a shattered altar of Ashenzari.
  2299 | D:2      | Reached skill level 5 in Stealth
  2729 | D:3      | Reached XP level 4. HP: 21/21 MP: 6/6
  2742 | D:3      | Found a snail-covered altar of Cheibriados.
  2754 | D:3      | Reached ** piety under Lugonu
  3063 | D:3      | Found a bloodstained altar of Trog.
  3132 | D:3      | Reached skill level 6 in Stealth
  3591 | D:3      | Slain by an orc
  3592 | D:3      | Reached XP level 3. HP: -2/17 MP: 5/5
  3690 | D:4      | Noticed a slave
  3710 | D:4      | Reached XP level 4. HP: 21/21 MP: 6/6
  3732 | D:4      | Found a white marble altar of Elyvilon.
  3750 | D:4      | HP: 1/21 [worker ant (8)]
  3754 | D:4      | Reached skill level 7 in Stealth
  4119 | D:4      | Noticed Dowan
  4124 | D:4      | Noticed a phantom
  4153 | D:5      | Entered Level 5 of the Dungeon
  4179 | D:5      | Reached XP level 5. HP: 24/24 MP: 7/7
  4221 | D:5      | Reached skill level 8 in Stealth
  4241 | D:5      | Noticed Edmund
  4257 | D:5      | Found Xis Null's Gadget Boutique.
  4275 | D:5      | HP: 1/24 [howler monkey (6)]
  4285 | D:5      | HP: 1/24 [Edmund/flail of distortion (7)]
  4288 | D:5      | Killed by a spatial distortion

Skill      XL: |  1  2  3  4  5 |
---------------+----------------+-----
Stealth        | 2 4 5 7 8 |  8.5
Fighting       | |  3.0
Dodging        | |  3.2
Unarmed Combat | |  2.0
Invocations    | |  1.7

Action                   |  1- 3 |  4- 6 || total
-------------------------+-------+-------++-------
Melee: Unarmed           |   179 |   141 ||   320
       Bite              |    16 |    15 ||    31
       Punch             |     1 |     3 ||     4
Invok: Depart the Abyss  |     1 |       ||     1
  Use: Scroll            |     6 |     1 ||     7
       Potion            |       |     5 ||     5
 Stab: Sleeping          |    11 |     8 ||    19
       Distracted        |       |     2 ||     2
  Eat: Chunk             |    11 |     1 ||    12
Armor: Skin              |     7 |     9 ||    16
Dodge: Dodged            |   141 |   114 ||   255
